 Dungeon Crawl Stone Soup version 0.25-a0-294-gea9b1ad378 (webtiles) character file.

Game seed: 17289356594271300678, levelgen mode: classic

1925 Borgoz the Slasher (level 9, 0/55 HPs)
             Began as a Gargoyle Gladiator on Dec 18, 2019.
             Was an Initiate of Ashenzari.
             Killed by divine providence
             ... invoked by an orc priest
              (11 damage)
             ... on level 6 of the Dungeon.
             The game lasted 00:11:10 (5592 turns).

Borgoz the Slasher (Gargoyle Gladiator)             Turns: 5592, Time: 00:11:11

Health: 0/55       AC: 13    Str: 18    XL:     9   Next: 17%
Magic:  9/9        EV: 14    Int:  9    God:    Ashenzari [......]
Gold:   239        SH:  0    Dex: 14    Spells: 8/8 levels left

rFire    . . .     SeeInvis .   a - +0 long sword
rCold    . . .     Gourm    .   (no shield)
rNeg     + . .     Faith    .   b - +0 leather armour
rPois    ∞         Spirit   .   c - +0 helmet
rElec    +         Reflect  .   l - +0 cloak
rCorr    .         Harm     .   e - +0 pair of gloves
MR       .....                  (no boots)
Stlth    +.........             C - amulet of rage
HPRegen  0.18/turn              (no ring)
MPRegen  0.11/turn              (no ring)

@: berserk cooldown, slowed, very slow
A: negative energy resistance 1, electricity resistance, unbreathing,
petrification resistance, rot immunity, AC +6
a: Curse Item, Renounce Religion, Evoke Berserk Rage


You were on level 6 of the Dungeon.
You worshipped Ashenzari.
Ashenzari was noncommittal.
You were very hungry.

You visited 2 branches of the dungeon, and saw 7 of its levels.
You also visited: Sewer.

You collected 239 gold pieces.

Inventory:

Hand Weapons
 a - a +0 long sword (weapon)
Armour
 b - a +0 leather armour (worn)
 c - a +0 helmet (worn)
 e - a +0 pair of gloves (worn)
 l - a +0 cloak (worn)
Jewellery
 C - an amulet of rage (around neck)
Wands
 y - a wand of disintegration (14)
Scrolls
 g - a scroll of immolation {unknown}
 h - 11 scrolls of identify {unknown}
 i - 2 scrolls of remove curse
 j - a scroll of fog {unknown}
 m - a scroll of amnesia {unknown}
 o - 2 scrolls of enchant armour {unknown}
 q - a scroll of teleportation
 w - a scroll of random uselessness {unknown}
Potions
 k - 2 potions of brilliance {unknown}
 n - 2 potions of flight {unknown}
 p - 3 potions of curing
 r - 6 potions of heal wounds
 s - a potion of agility {unknown}
 t - 4 potions of might {unknown}
 u - a potion of lignification {unknown}
 v - a potion of resistance {unknown}
 x - 2 potions of haste
 z - a potion of invisibility {unknown}
 A - a potion of degeneration {unknown}
 B - a potion of cancellation {unknown}
Comestibles
 f - 11 rations


   Skills:
 + Level 6.0 Fighting
 * Level 7.2 Long Blades
 - Level 1.7 Throwing
 + Level 5.4 Armour
 + Level 4.9 Dodging
 + Level 1.0 Evocations


You had 8 spell levels left.
You didn't know any spells.
Your spell library was empty.

Dungeon Overview and Level Annotations

Branches:
Dungeon (6/15)             Temple (1/1) D:5           Sewer (visited)

Altars:
Ashenzari
Cheibriados
Dithmenos
Elyvilon
Fedhas
Gozag
Hepliaklqana
Kikubaaqudgha
Nemelex Xobeh
Okawaru
Qazlal
Ru
Sif Muna
Trog
Vehumet
Wu Jian
Xom
Yredelemnul
Zin
The Shining One
Lugonu


Innate Abilities, Weirdness & Mutations

You are resistant to torment.
Your stone body is resilient. (AC +6)
You are immune to poison.
You resist negative energy. (rN+)
You are resistant to electric shocks. (rElec)
You can survive without breathing.
You are immune to petrification.
You are immune to rotting.


Message History

You closely miss the orc wizard. The orc hits you but does no damage.
Items here: )))) [[[[ ††† You slash the howler monkey!
You kill the howler monkey!
The orc wizard hits you but does no damage.
The orc closely misses you.
You barely miss the orc wizard. The orc wizard barely misses you.
The orc priest mumbles some strange prayers to Beogh against you.
Beogh smites you!
* * * LOW HITPOINT WARNING * * *
The orc misses you.
You closely miss the orc.
You are no longer berserk.
You are exhausted.
You feel yourself slow down.
The orc wizard points at you and mumbles some strange words.
The magic dart hits you but does no damage.
The orc priest calls down the wrath of Beogh upon you.
Beogh smites you!
You die...

##>### ###
#....# .. ##.
#..## .. #..
#....## .# #.#
#.##..###..#
#.###.###...#.#
##.##..........#
#......#####.###
##..###.#
###@### #...#
#.# #..oo.##
###.. .....#.#
#.#
#..oo..#.....#
.....#.# #.#
###.......# ....
#.# #.#
#>.....## ....
#.# #.# #......#
... #<#
...[##...# ###
#.# ####.. .....
#.# ##. ......


You could see an orc priest, an orc wizard and 2 orcs.

Vanquished Creatures
  Prince Ribbit (D:5)
  Sigmund (D:4)
  An orc warrior (D:6)
  An ice beast (D:5)
  4 ogres
  Blork the orc (D:4)
  A bullfrog (D:6)
  A water moccasin zombie (D:6)
  A scorpion (D:4)
  2 howler monkeys
  2 hounds (D:4)
  An orc wizard (D:5)
  2 bullfrog skeletons (D:4)
  An orc priest (D:4)
  A centaur skeleton (D:4)
  An iguana (D:6)
  A jelly (D:4)
  Natasha (twice) (D:4)
  Terence (D:3)
  3 worker ants
  A worker ant zombie (D:4)
  6 gnolls
  7 adders
  7 river rats (Sewer)
  2 shadow imps
  2 oozes (Sewer)
  An adder skeleton (D:4)
  An adder zombie (D:4)
  2 worms
  2 leopard geckos (D:4)
  19 orcs
  3 giant cockroaches
  6 hobgoblins
  7 jackals
  28 kobolds
  2 quokkas (D:3)
  7 ball pythons
  A ball python zombie (D:4)
  5 bats
  5 frilled lizards
  A giant cockroach zombie (D:4)
  2 goblins
  A leopard gecko skeleton (D:4)
  A quokka zombie (D:4)
  18 rats
166 creatures vanquished.

Notes
Turn   | Place    | Note
-------+----------+-------------------------------------------
     0 | D:1      | Borgoz the Gargoyle Gladiator began the quest for the Orb.
     0 | D:1      | Reached XP level 1. HP: 12/12 MP: 1/1
   203 | D:1      | Reached XP level 2. HP: 18/18 MP: 2/2
   355 | D:1      | Reached skill level 3 in Long Blades
   426 | D:1      | Reached skill level 1 in Armour
   499 | D:1      | Reached XP level 3. HP: 21/22 MP: 3/3
   598 | D:1      | HP: 1/22 [gnoll/+0 flail (9)]
  1079 | D:2      | Reached XP level 4. HP: 27/27 MP: 4/4
  1238 | D:2      | Found an ancient bone altar of Kikubaaqudgha.
  1241 | D:2      | Found a shadowy altar of Dithmenos.
  1244 | D:2      | Found a glowing silver altar of Zin.
  1732 | D:3      | Found a glowing drain.
  1786 | Sewer    | Entered a sewer
  1961 | Sewer    | Reached XP level 5. HP: 10/32 MP: 5/5
  2326 | Sewer    | Reached skill level 4 in Long Blades
  3011 | D:3      | Found a blossoming altar of Fedhas.
  3016 | D:3      | Found an iron altar of Okawaru.
  3021 | D:3      | Reached XP level 6. HP: 32/37 MP: 6/6
  3207 | D:3      | Found a stormy altar of Qazlal.
  3378 | D:3      | Found an opulent altar of Gozag.
  3395 | D:3      | Noticed Terence
  3410 | D:3      | Killed Terence
  3705 | D:4      | Found a shimmering blue altar of Sif Muna.
  3757 | D:4      | Noticed Blork the orc
  3789 | D:4      | Killed Blork the orc
  3789 | D:4      | Reached XP level 7. HP: 21/43 MP: 7/7
  3805 | D:4      | Reached skill level 5 in Long Blades
  4147 | D:4      | Noticed Natasha
  4159 | D:4      | Killed Natasha
  4175 | D:4      | Noticed Natasha
  4183 | D:4      | Killed Natasha
  4322 | D:4      | Noticed Sigmund
  4328 | D:4      | Killed Sigmund
  4328 | D:4      | Reached XP level 8. HP: 48/48 MP: 8/8
  4428 | D:4      | Found a bloodstained altar of Trog.
  4611 | D:4      | Reached skill level 5 in Fighting
  4611 | D:4      | Reached skill level 6 in Long Blades
  4670 | D:4      | Found a snail-covered altar of Cheibriados.
  4670 | D:4      | Found a shimmering altar of Xom.
  4697 | D:4      | Found a sacrificial altar of Ru.
  4717 | D:5      | Entered Level 5 of the Dungeon
  5021 | D:5      | Noticed Prince Ribbit
  5132 | D:5      | Found a staircase to the Ecumenical Temple.
  5144 | Temple   | Entered the Ecumenical Temple
  5181 | Temple   | Became a worshipper of Ashenzari the Shackled
  5226 | D:5      | Killed Prince Ribbit
  5226 | D:5      | Reached skill level 5 in Armour
  5260 | D:5      | Reached skill level 7 in Long Blades
  5529 | D:6      | Reached XP level 9. HP: 53/55 MP: 9/9
  5587 | D:6      | Reached skill level 1 in Evocations
  5592 | D:6      | Killed from afar by an orc priest

Levels and vault maps discovered:
D:1:      lightli_arrival_chessboard, layout_rooms
D:2:      layout_basic, grunt_temple_overflow_diamond
D:3:      layout_loops_ring, grunt_temple_overflow_forces_of_nature,
          old_standard_altar, cheibrodos_sewer_entry_sluice, okawaru_trees_2,
          uniq_terence
D:4:      layout_basic, lightli_temple_of_fire, nicolae_ru_path_of_blood,
          nicolae_overflow_hidden_temple, gammafunk_temple_overflow_wave,
          first_ration, serial_undead, serial_undead_c, serial_undead_b,
          serial_undead_c, serial_undead_e, cheibrodos_gnoll_hut,
          uniq_blork_the_orc, uniq_sigmund, uniq_natasha
D:5:      layout_rooms, minmay_temple_entry_steel_oval, uniq_prince_ribbit1
D:6:      layout_rooms
Temple:   corrupted_temple

Skill      XL: |  1  2  3  4  5  6  7  8  9 |
---------------+----------------------------+-----
Long Blades    | 3 4 5 7 |  7.2
Armour         | 1 2 3 4 5 |  5.4
Fighting       | 3 4 5 6 |  6.0
Dodging        | 3 4 |  4.9
Evocations     | 1 |  1.0
Throwing       | |  1.7

Action                   |  1- 3 |  4- 6 |  7- 9 || total
-------------------------+-------+-------+-------++-------
Melee: Long sword        |    53 |   344 |   217 ||   614
Throw: Throwing net      |       |     3 |     1 ||     4
 Abil: Evoke Berserk Rag |       |       |     1 ||     1
  Use: Potion            |       |     5 |     1 ||     6
  Eat: Chunk             |     1 |     8 |     7 ||    16
Armor: Leather armour    |    22 |   245 |    59 ||   326
Dodge: Dodged            |    47 |   346 |   148 ||   541
       Rpst.: Long sword |    18 |    95 |    44 ||   157

Table legend:
 A = Non-vault XP
 B = Vault XP
 C = Vault XP percentage of total XP
 D = Non-vault monster count
 E = Vault monster count
 F = Vault count percentage of total count
                 A         B        C        D         E       F
            +---------+---------+-------+---------+---------+-------
      Total |    1778 |     972 |  35.3 |     100 |      66 |  39.8
            +---------+---------+-------+---------+---------+-------
        D:1 |      68 |       0 |   0.0 |      19 |       0 |   0.0
        D:2 |      46 |       0 |   0.0 |      12 |       0 |   0.0
        D:3 |      62 |      46 |  42.6 |      22 |       5 |  18.5
        D:4 |     620 |     468 |  43.0 |      23 |      12 |  34.3
        D:5 |     572 |     268 |  31.9 |      15 |       1 |   6.2
        D:6 |     410 |       0 |   0.0 |       9 |       0 |   0.0
      Sewer |       0 |     190 | 100.0 |       0 |      48 | 100.0
            +---------+---------+-------+---------+---------+-------
